 Dungeon Crawl Stone Soup version 0.18.1-1-g2f07953 (webtiles) character file.

304 Ellandar the Slasher (level 6, -2/52 HPs)
             Began as a Minotaur Fighter on Aug 11, 2016.
             Was an Initiate of Qazlal.
             Slain by Duvessa
             ... wielding a +0 short sword
              (12 damage)
             ... on level 4 of the Dungeon.
             The game lasted 00:07:07 (2199 turns).

Ellandar the Slasher (Minotaur Fighter)             Turns: 2199, Time: 00:07:08

Health: -2/52      AC:  7    Str: 28    XL:     6   Next: 15%
Magic:  5/5        EV:  7    Int:  5    God:    Qazlal [......]
Gold:   181        SH: 10    Dex: 12    Spells: 0 memorised, 5 levels left

rFire  . . .     SeeInvis .     a - +0 long sword
rCold  . . .     Gourm    .     b - +0 scale mail
rNeg   . . .     Faith    .     c - +0 shield
rPois  .         Spirit   .     (helmet restricted)
rElec  .         Dismiss  +     (no cloak)
rCorr  .         Reflect  .     (no gloves)
SustAt +         Harm     .     (no boots)
MR     .....                    u - amulet of dismissal
Stlth  ..........               v - ring of sustain attributes
                                l - +3 ring of strength

@: mighty, not resistant to hostile enchantments, extremely unstealthy
A: retaliatory headbutt, horns 2
a: Renounce Religion


You were on level 4 of the Dungeon.
You worshipped Qazlal.
Qazlal was noncommittal.
You were very hungry.

You visited 1 branch of the dungeon, and saw 4 of its levels.

You collected 181 gold pieces.

Inventory:

Hand Weapons
 a - a +0 long sword (weapon)
Armour
 b - a +0 scale mail (worn)
 c - a +0 shield (worn)
Jewellery
 k - an uncursed ring of protection from fire
 l - a +3 ring of strength (left hand)
 u - an amulet of dismissal (around neck)
 v - a ring of sustain attributes (right hand)
Wands
 p - a wand of acid (6/15)
 r - a wand of confusion (41/48)
Scrolls
 e - 6 scrolls of identify {unknown}
 h - 4 scrolls of remove curse {unknown}
 t - a scroll of amnesia {unknown}
Potions
 g - a potion of cure mutation {unknown}
 i - 2 potions of flight {unknown}
 m - a potion of degeneration {unknown}
 q - 2 potions of heal wounds {unknown}
 s - a potion of haste {unknown}
 w - a potion of resistance {unknown}
Comestibles
 f - 3 bread rations
 j - 2 royal jellies
 n - 2 slices of pizza
 o - 2 meat rations


   Skills:
 - Level 3.7 Fighting
 + Level 7.7 Long Blades
 - Level 3.7 Armour
 - Level 3.7 Shields


You had 5 spell levels left.
You didn't know any spells.

Dungeon Overview and Level Annotations

Branches:
Dungeon (4/15)
 Temple: D:4-7

Altars:
Dithmenos
Qazlal
Yredelemnul

Annotations:
D:4 Duvessa


Innate Abilities, Weirdness & Mutations

You reflexively headbutt those who attack you in melee.
You have a pair of horns on your head.


Message History

You are too injured to fight recklessly!
You are too injured to fight recklessly!
You are too injured to fight recklessly!
You are too injured to fight recklessly!
You are too injured to fight recklessly!
Drink which item? (? for menu, Esc to quit)
You feel very mighty all of a sudden. Duvessa hits you with a short sword.
* * * LOW HITPOINT WARNING * * *
Duvessa completely misses you. You furiously retaliate!
You headbutt Duvessa!
You are too injured to fight recklessly!
You are too injured to fight recklessly!
You are too injured to fight recklessly!
You closely miss Duvessa. You headbutt Duvessa!!
Duvessa is severely wounded.
Duvessa hits you but does no damage.
You closely miss Duvessa. Your headbutt misses Duvessa.
Duvessa is severely wounded.
Duvessa hits you with a short sword!
You die...

.# #.#..#.#.# .#
#.#..#.#.# .# #.#..#.
.# ### .#####.#..# ...
....##.#..##########.#
.................)=$.#
#...##.########....###
#..>##........+.e..+
#...###########.@..#
#...# #..).# #...#
#....# #...# #....#
#...# #....# #...#
#....# ##### ######


You could see Duvessa (berserk).

Vanquished Creatures
  Sigmund (D:2)
  Dowan (D:4)
  2 worker ants
  An adder (D:3)
  2 worms (D:2)
  An orc (D:3)
  A bat (D:2)
  2 giant cockroaches (D:2)
  3 goblins
  5 hobgoblins
  6 jackals (D:1)
  A quokka (D:4)
  A giant newt (D:2)
  2 kobolds
  5 rats
34 creatures vanquished.

Notes
Turn   | Place    | Note
--------------------------------------------------------------
     0 | D:1      | Ellandar the Minotaur Fighter began the quest for the Orb.
     0 | D:1      | Reached XP level 1. HP: 19/19 MP: 0/0
   162 | D:1      | Reached skill level 3 in Long Blades
   166 | D:1      | Reached XP level 2. HP: 24/27 MP: 1/1
   885 | D:2      | Reached skill level 4 in Long Blades
   885 | D:2      | Reached XP level 3. HP: 33/33 MP: 2/2
   893 | D:2      | Noticed Sigmund
   910 | D:2      | Killed Sigmund
   910 | D:2      | Reached skill level 6 in Long Blades
   910 | D:2      | Reached XP level 4. HP: 21/40 MP: 3/3
   910 | D:2      | Reached XP level 5. HP: 24/46 MP: 4/4
  1131 | D:2      | Found a shadowy altar of Dithmenos.
  1374 | D:2      | Found a basalt altar of Yredelemnul.
  1637 | D:3      | Found a stormy altar of Qazlal.
  1643 | D:3      | Became a worshipper of Qazlal Stormbringer
  1800 | D:3      | Reached skill level 7 in Long Blades
  2174 | D:4      | Noticed Duvessa
  2175 | D:4      | Noticed Dowan
  2190 | D:4      | Killed Dowan
  2190 | D:4      | Reached XP level 6. HP: 34/52 MP: 5/5
  2199 | D:4      | Slain by Duvessa

Skill      XL: |  1  2  3  4  5 |
---------------+----------------+-----
Long Blades    | 3 4 6 7 |  7.7
Fighting       | |  3.7
Armour         | |  3.7
Shields        | |  3.7

Action                   |  1- 3 |  4- 6 || total
-------------------------+-------+-------++-------
Melee: Long sword        |    71 |    49 ||   120
       Headbutt          |     8 |    13 ||    21
  Use: Potion            |       |     1 ||     1
  Eat: Chunk             |       |     3 ||     3
Armor: Scale mail        |    22 |    10 ||    32
Dodge: Dodged            |    20 |    12 ||    32
Block: Shield            |    25 |    16 ||    41
